 Dungeon Crawl Stone Soup version 0.27-a0-1301-g128193abf8 (webtiles) character file.

Game seed: 6435902779859211038

541 HAL9000 the Covert (level 7, 0/34 HPs)
             Began as a Vine Stalker Brigand on June 17, 2021.
             Slain by Eustachio (4 damage)
             ... on level 3 of the Dungeon.
             The game lasted 00:11:27 (4099 turns).

HAL9000 the Covert (Vine Stalker Brigand)           Turns: 4099, Time: 00:11:28

Health: 0/34       AC:  5    Str: 16    XL:     7   Next: 26%
Magic:  0/8        EV: 11    Int: 11    God:
Gold:   165        SH:  0    Dex: 15    Spells: 6/6 levels left

rFire    . . .     SeeInvis .   a - +2 dagger
rCold    . . .     Faith    .   (no shield)
rNeg     . . .     Spirit   +   b - +0 robe
rPois    .         Reflect  .   h - +1 helmet
rElec    .         Harm     .   c - +0 cloak
rCorr    .         Rampage  .   (no gloves)
Will     .....                  (no boots)
Stlth    ++++......             v - amulet of regeneration
HPRegen  2.11/turn              (no ring)
MPRegen  0.11/turn              (no ring)

@: lethally poisoned (0 -> 0)
A: fangs 2, regeneration 1, magic shield, antimagic bite, no potion heal 2
a: no special abilities


You were on level 3 of the Dungeon.
You visited 1 branch of the dungeon, and saw 4 of its levels.

You collected 165 gold pieces.

Inventory:

Hand Weapons
 a - a +2 dagger (weapon)
Armour
 b - a +0 robe (worn)
 c - a +0 cloak (worn)
 h - a +1 helmet (worn)
Jewellery
 o - an amulet of the acrobat
 v - an amulet of regeneration (around neck)
Wands
 d - a wand of flame (21)
Scrolls
 f - a scroll of enchant weapon {unknown}
 i - a scroll of fear {unknown}
 k - a scroll of torment {unknown}
 l - 2 scrolls of vulnerability {unknown}
 n - 5 scrolls of identify {unknown}
 q - a scroll of magic mapping {unknown}
 t - 2 scrolls of summoning
Potions
 g - a potion of haste {unknown}
 j - a potion of mutation {unknown}
 m - 2 potions of resistance {unknown}
 p - a potion of flight {unknown}
 r - a potion of curing {unknown}
 s - a potion of degeneration {unknown}


   Skills:
 - Level 1.7 Fighting
 - Level 5.3 Short Blades
 + Level 1.8 Throwing
 - Level 0.7 Dodging
 - Level 8.2 Stealth


You had 6 spell levels left.
You didn't know any spells.
Your spell library contained the following spells:

 Spells                   Type           Power      Damage    Failure   Level
 Animate Skeleton         Necr           0%         N/A       34%         1
 Beastly Appendage        Tmut           0%         N/A       34%         1
 Pain                     Necr           0%         1d4       34%         1
 Wereblood                Tmut           0%         N/A       47%         2
 Spider Form              Tmut/Pois      0%         N/A       71%         3
 Vampiric Draining        Necr           0%         2d6       71%         3
 Animate Dead             Necr           0%         N/A       98%         4
 Ice Form                 Ice/Tmut       0%         N/A       98%         4
 Agony                    Necr           0%         N/A       100%        5


Dungeon Overview and Level Annotations

Branches:
Dungeon (4/15)
 Temple: D:4-7

Altars:
Makhleb
Ru

Shops:
D:1 (

Annotations:
D:3 Eustachio
D:4 2 transporters, Johnny's ghost, amateur DEEE


Innate Abilities, Weirdness & Mutations

You have extremely sharp teeth.
Your natural rate of healing is unusually fast.
When hurt, damage is shared between your health and your magic reserves.
Your bite disrupts and absorbs the magic of your enemies.
Potions cannot restore your health.


Message History

You climb upwards.
There is a stone staircase leading down here.
You start resting.
Magic restored.
You start waiting.
Done waiting.
You climb downwards.
Level annotation: 2 transporters, Eustachio; Johnny's ghost, amateur DEEE The orc closely misses you.
There is a stone staircase leading up, spattered with blood here.
Unknown command.
You hit the orc. You bite the orc, but do no damage.
The orc is heavily wounded.
The orc hits you but does no damage.
Eustachio hits you with a +4 rapier of venom!
You are poisoned.
The orc closely misses you.
You climb upwards.
You feel very sick.
There is a stone staircase leading down here.
Unknown command.
You hit the orc.
You kill the orc!
You feel sick.
Eustachio hits you with a +4 rapier of venom.
You are more poisoned.
You feel very sick.
Eustachio hits you with a +4 rapier of venom!
You are more poisoned.
Items here: )) [ ÷ †.
You feel very sick.
You feel very sick.
You feel very sick.
You feel very sick.
You feel very sick.
Eustachio casts a spell.
Eustachio blinks!
You feel sick.
Eustachio hits you with a +4 rapier of venom!
You die...

#.##.#.##.# #'#.....#.#
....#####.# ############### ....#
#)# #.............# ....#####[#
#.............##### .......##.#
#.............#...# .......##.#
#.............#...'
.......##)##########......###...#
.......##>)..§..@................
.......##......@.................
...###.#############......###...#
#### #.............#......# #...#
#.........###.#......# #...#
######.........'...#......# #...#
.....'.........##############...#
######.....................##...#
##.....###+#+##)##########.##....


You could see Eustachio.

Vanquished Creatures
  Sigmund (D:2)
  A centaur zombie (D:4)
  A centaur skeleton (D:4)
  A gnoll shaman (D:3)
  Ijyb (D:3)
  Natasha (thrice) (D:2)
  A hound skeleton (D:4)
  8 gnolls
  3 adders (D:3)
  A worm (D:2)
  A dart slug (D:1)
  7 orcs (D:3)
  3 endoplasms
  4 giant cockroaches
  8 goblins
  5 hobgoblins
  2 ball pythons (D:1)
  7 bats
  6 frilled lizards
  9 kobolds
  2 rats
75 creatures vanquished.

Notes
Turn   | Place    | Note
-------+----------+-------------------------------------------
     0 | D:1      | HAL9000 the Vine Stalker Brigand began the quest for the
                  | Orb.
     0 | D:1      | Reached XP level 1. HP: 11/11 MP: 2/2
   219 | D:1      | Reached XP level 2. HP: 8/15 MP: 0/3
   451 | D:1      | Found Qegazyl's Weapon Shop.
   641 | D:1      | Reached XP level 3. HP: 4/18 MP: 2/4
  1108 | D:2      | Found a burning altar of Makhleb.
  1113 | D:2      | Reached skill level 5 in Stealth
  1124 | D:2      | Noticed Sigmund
  1133 | D:2      | Killed Sigmund
  1134 | D:2      | Reached skill level 7 in Stealth
  1134 | D:2      | Gained mutation: Your natural rate of healing is unusually
                  | fast. [Vine Stalker growth]
  1134 | D:2      | Reached XP level 4. HP: 23/23 MP: 5/5
  1134 | D:2      | Reached XP level 5. HP: 26/26 MP: 6/6
  1152 | D:2      | Found a faded altar of an unknown god.
  1544 | D:2      | Noticed Natasha
  1547 | D:2      | Killed Natasha
  1548 | D:2      | Reached skill level 8 in Stealth
  1548 | D:2      | Reached XP level 6. HP: 30/30 MP: 7/7
  1654 | D:2      | Noticed Natasha
  1663 | D:2      | Killed Natasha
  1734 | D:2      | Noticed Natasha
  1747 | D:2      | Killed Natasha
  2215 | D:3      | Noticed Ijyb
  2264 | D:3      | Killed Ijyb
  2604 | D:3      | Found a sacrificial altar of Ru.
  2994 | D:4      | Noticed Eustachio
  3008 | D:4      | Noticed Johnny's ghost (amateur DEEE)
  3011 | D:4      | Found a transporter.
  3472 | D:3      | Reached XP level 7. HP: 34/34 MP: 8/8
  3681 | D:4      | Reached skill level 5 in Short Blades
  3779 | D:4      | Found a transporter.
  4099 | D:3      | Slain by Eustachio

Illustrated notes

Levels and vault maps discovered:
D:1:      dpeg_arrival_rooms_b, layout_basic, serial_shops,
          nicolae_shop_behind_doors, chequers_mini_garden
D:2:      layout_basic, basic_altar, shapermc_ecumenical_altar_totnotflames,
          kennysheep_generic_room_3, uniq_natasha, uniq_sigmund
D:3:      layout_basic, lemuel_tele_altar, uniq_ijyb
D:4:      layout_cave_pools, grunt_temple_overflow_bloody_war,
          gammafunk_ghost_arena, uniq_eustachio

Skill      XL: |  1  2  3  4  5  6  7 |
---------------+----------------------+-----
Short Blades   | 2 3 4 5 |  5.3
Stealth        | 7 8 |  8.2
Fighting       | |  1.7
Throwing       | |  1.8
Dodging        | |  0.7

Action                   |  1- 3 |  4- 6 |  7- 9 || total
-------------------------+-------+-------+-------++-------
Melee: Dagger            |    36 |   160 |    53 ||   249
       Bite              |     5 |    38 |    22 ||    65
Throw: Dart              |     6 |    18 |    14 ||    38
       Throwing net      |       |       |     3 ||     3
 Stab: Sleeping          |     8 |     6 |     1 ||    15
       Distracted        |       |     1 |       ||     1
Armor: Robe              |     7 |    38 |    26 ||    71
Dodge: Dodged            |    17 |    88 |    47 ||   152

Table legend: (Time is in decaauts)
 A = Elapsed time spent in this place.
 B = Non-inter-level travel time spent in this place.
 C = Inter-level travel time spent in this place.
 D = Time resting spent in this place.
 E = Time spent auto-exploring this place.
 F = Levels seen in this place.
 G = Mean time per level.
                   A        B        C        D        E       F      G
               +--------+--------+--------+--------+--------+-----+--------+
         Total |   4069 |   3822 |    247 |    890 |   2107 |   4 | 1017.2 |
       Dungeon |   4069 |   3822 |    247 |    890 |   2107 |   4 | 1017.2 |
               +--------+--------+--------+--------+--------+-----+--------+

Top non-repeatable levels by time:
     D:3: 1651 daAuts
     D:1: 1102 daAuts
     D:2: 986 daAuts
     D:4: 328 daAuts
